 Dungeon Crawl Stone Soup version 0.28.0-53-g5a82cb258f (webtiles) character file.

Game seed: 14128966327038322576

25 gobodom the Skirmisher (level 2, 0/24 HPs)
             Began as a Demonspawn Monk on June 7, 2022.
             Killed from afar by Sigmund (7 damage)
             ... with a magic dart
             ... on level 2 of the Dungeon.
             The game lasted 00:05:45 (1335 turns).

gobodom the Skirmisher (Demonspawn Monk)            Turns: 1335, Time: 00:05:46

Health: 0/24       AC:  2    Str: 11    XL:     2   Next: 82%
Magic:  2/2        EV: 15    Int: 11    God:
Gold:   30         SH:  0    Dex: 15    Spells: 1/1 levels left

rFire   . . .      SeeInvis .   a - +0 hand axe
rCold   . . .      Faith    .   (no shield)
rNeg    . . .      Spirit   .   b - +0 robe
rPois   .          Reflect  .   (no helmet)
rElec   .          Harm     .   (no cloak)
rCorr   .          Rampage  .   (no gloves)
Will    .....                   (no boots)
Stlth   ++........              (no amulet)
HPRegen 0.08/turn               (no ring)
MPRegen 0.08/turn               (no ring)

@: no status effects
A: repulsion field 1
a: no special abilities


You were on level 2 of the Dungeon.
You visited 1 branch of the dungeon, and saw 2 of its levels.

You collected 30 gold pieces.

Inventory:

Hand Weapons
 a - a +0 hand axe (weapon)
Missiles
 c - 26 stones (quivered)
Armour
 b - a +0 robe (worn)
Scrolls
 e - a scroll of vulnerability
Potions
 d - a potion of heal wounds


   Skills:
 + Level 3.3 Fighting
 + Level 3.1 Axes
 + Level 3.0 Dodging
 + Level 1.9 Stealth


You had one spell level left.
You didn't know any spells.
Your spell library contained the following spells:

 Spells                   Type           Power      Damage    Failure   Level
 Corpse Rot               Necr/Air       0%         N/A       47%         2
 Poisonous Vapours        Pois/Air       0%         N/A       47%         2


Dungeon Overview and Level Annotations

Branches:
Dungeon (2/15)

Altars:

Shops:
D:1 (*[((

Annotations:
D:2 Sigmund


Innate Abilities, Weirdness & Mutations

You are surrounded by a mild repulsion field. (EV +2)


Message History

The endoplasm is lightly wounded.
The endoplasm barely misses you.
You hit the endoplasm.
You kill the endoplasm!
There is a stone staircase leading up here.
Found 4 gold pieces.
Found 27 stones.
You now have 30 gold pieces (gained 4).
Found an escape hatch in the floor.
Sigmund and a kobold come into view.
Sigmund is wielding a +0 scythe and wearing a +2 robe of positive energy.
You see here 27 stones.
c - 27 stones Sigmund shouts!
A dart slug comes into view.
A quokka comes into view.
You barely miss the kobold. Your punch misses the kobold.
The kobold barely misses you.
You hit the kobold but do no damage. The kobold misses you.
Sigmund hits you from afar with a +0 scythe.
You slash the kobold!
You kill the kobold!
Sigmund casts a spell at you. The magic dart hits you.
Okay, then.
You don't know any spells.
Throw: 27 stones
Press: ? - help, Q - select action Shift-Dir - straight line, f - Sigmund
Aim: Sigmund, wielding a +0 scythe and wearing a +2 robe of positive energy (55% to hit)
You throw a stone.
The stone hits Sigmund but does no damage.
Sigmund mumbles some strange words.
Sigmund flickers and vanishes!
Deactivating autopickup; reactivate with Ctrl-A.
Something hits you!
You barely miss something. You completely miss something. Something hits you.
* * * LOW HITPOINT WARNING * * *
A magic dart appears from out of thin air!
The magic dart hits you!
You die...

## ..# #.########
#.#.....#############
#....<..............#
#.#............####.#
#.##......#####.# ..#
#......# #@####.###
.# ###......
#..{rw.... .
#.........####.....
#.##.###.. ... #.##.#
#.. . #>. #.. ...


You could see a dart slug and a quokka.

Vanquished Creatures
  A dart slug (D:1)
  6 endoplasms
  A giant cockroach (D:1)
  2 goblins (D:1)
  2 hobgoblins (D:1)
  A quokka (D:1)
  A bat (D:1)
  2 frilled lizards (D:1)
  2 kobolds
  3 rats (D:1)
21 creatures vanquished.

Vanquished Creatures (others)
  2 plants (D:1)
2 creatures vanquished.

Grand Total: 23 creatures vanquished

Notes
Turn   | Place    | Note
-------+----------+-------------------------------------------
     0 | D:1      | gobodom the Demonspawn Monk began the quest for the Orb.
     0 | D:1      | Reached XP level 1. HP: 18/18 MP: 1/1
    78 | D:1      | Found Diostrih's Antique Weapon Shoppe.
   219 | D:1      | Found Xoafen's Armour Boutique.
   241 | D:1      | Gained mutation: You are surrounded by a mild repulsion
                  | field. (EV +2) [demonic ancestry]
   241 | D:1      | Reached XP level 2. HP: 23/24 MP: 2/2
   275 | D:1      | Found Demabbue's General Store.
   315 | D:1      | Found Ozomp's Weapon Emporium.
   527 | D:1      | Found Coweic's Weapon Shop.
  1324 | D:2      | Noticed Sigmund
  1335 | D:2      | Killed from afar by Sigmund

Illustrated notes

Levels and vault maps discovered:
D:1:      shiori_arrival_elements, layout_loops_ring, serial_forest,
          infiniplex_forest_pool, infiniplex_forest_end_1,
          infiniplex_forest_zigzag_1, infiniplex_forest_straight_2,
          infiniplex_forest_clump_large, serial_shops,
          nicolae_shop_temple_entry_statues_fountains, shop,
          nicolae_shop_window_shopping, nicolae_lakefront_shop, shop,
          corexii_item_surrounded_by_moat
D:2:      layout_loops_ring, shapermc_ecumenical_altar_totnotflames,
          uniq_terence, uniq_crazy_yiuf_cottage, uniq_sigmund

Skill      XL: |  1  2 |
---------------+-------+-----
Axes           | 3 |  3.1
Dodging        | 3 |  3.0
Fighting       | |  3.3
Stealth        | |  1.9

Action                   || total
-------------------------++-------
Melee: Hand axe          ||    60
Throw: Stone             ||     1
  Use: Scroll            ||     4
       Potion            ||     4
 Stab: Sleeping          ||     5
Armor: Robe              ||     9
Dodge: Dodged            ||    41
